 Dungeon Crawl Stone Soup version 0.29-a0-515-g7c1fb6cc08 (console) character file.

Game seed: 6001466652498556773

15573 FIQ the Destroyer (level 12, -2/74 HPs)
             Began as a Demonspawn Conjurer on May 30, 2022.
             Was an Initiate of Yredelemnul.
             Slain by a cane toad (12 damage)
             ... on level 1 of the Lair of Beasts.
             The game lasted 00:51:49 (15418 turns).

FIQ the Destroyer (Demonspawn Conjurer)            Turns: 15418, Time: 00:51:50

Health: -2/74      AC: 12    Str:  8    XL:     12   Next: 2%
Magic:  23/26      EV: 17    Int: 24    God:    Yredelemnul [......]
Gold:   528        SH:  0    Dex: 15    Spells: 17/31 levels left

rFire   . . .      SeeInvis +   q - staff of conjuration
rCold   + . .      Faith    .   t - orb {guile}
rNeg    . . .      Spirit   .   a - +1 robe
rPois   +          Reflect  .   n - +1 helmet "Biufau" {*Corrode rPois Dex+3 SInv}
rElec   .          Harm     .   h - +2 cloak
rCorr   .          Rampage  .   (no gloves)
Will    .....                   (no boots)
Stlth   +++.......              B - amulet of magic regeneration
HPRegen 0.22/turn               w - ring of poison resistance
MPRegen 0.60/turn               (no ring)

@: no status effects
A: hooves 2, icy blue scales 3, demonic guardian 1, ignite blood 1
a: Renounce Religion, Recall Undead Harvest


You were on level 1 of the Lair of Beasts.
You worshipped Yredelemnul.
Yredelemnul was noncommittal.
You visited 3 branches of the dungeon, and saw 12 of its levels.
You also visited: Sewer and Ossuary.

You collected 616 gold pieces.
You spent 88 gold pieces at shops.

Inventory:

Hand Weapons
 M - the +8 demon trident "Rift" {distort, reach+}
   (You found it on level 7 of the Dungeon)

   It warps and distorts space around it, and may blink, banish, or inflict
   extra damage upon those it strikes.
   Unwielding it can cause banishment or high damage.
   It can reach especially far, and its reaching attacks ignore other creatures
   in the way.
Missiles
 y - a throwing net
Armour
 a - a +1 robe (worn)
 h - a +2 cloak (worn)
 n - the +1 helmet "Biufau" (worn) {*Corrode rPois Dex+3 SInv}
   (You found it on level 2 of the Dungeon)

   Dex:       It affects your dexterity (+3).
   rPois:     It protects you from poison.
   SInv:      It lets you see invisible.
   *Corrode:  It may corrode you when you take damage.
 t - an orb of guile (worn)
Magical Staves
 q - a staff of conjuration (weapon)
Jewellery
 r - a ring of fire
 s - an amulet of guardian spirit
 w - a ring of poison resistance (left hand)
 B - an amulet of magic regeneration (around neck)
 G - a ring of ice
 I - a ring of protection from cold
 L - an amulet of the acrobat
 O - a ring of resist corrosion
 T - an amulet of regeneration
Wands
 A - a wand of polymorph (4)
 J - a wand of paralysis (12)
 P - a wand of iceblast (13)
 Q - a wand of digging (4)
 S - a wand of mindburst (10)
Scrolls
 d - a scroll of fear
 e - 4 scrolls of teleportation
 j - 5 scrolls of enchant weapon
 k - 2 scrolls of vulnerability {unknown}
 m - 2 scrolls of fog {unknown}
 o - 4 scrolls of enchant armour
 p - a scroll of amnesia
 u - 2 scrolls of magic mapping
 K - a scroll of identify
 N - a scroll of blinking {unknown}
Potions
 b - 2 potions of magic
 c - 2 potions of berserk rage
 f - a potion of haste
 g - 2 potions of curing
 i - 3 potions of mutation
 l - 2 potions of brilliance
 v - 2 potions of heal wounds
 x - 5 potions of might
 z - a potion of degeneration
 C - 2 potions of resistance
 D - 2 potions of invisibility
 E - a potion of attraction {unknown}
 F - 3 potions of cancellation {unknown}
 H - 2 potions of ambrosia
 R - 2 potions of flight {unknown}


   Skills:
 + Level 10.1 Dodging
 - Level 4.0 Stealth
 + Level 10.1 Spellcasting
 + Level 11.5 Conjurations
 + Level 7.0 Invocations


You had 17 spell levels left.
You knew the following spells:

 Your Spells              Type           Power      Damage    Failure   Level
a - Magic Dart            Conj           100%       1d8       1%          1
b - Searing Ray           Conj           100%       2d8       1%          2
c - Dazzling Flash        Conj/Hex       100%       N/A       1%          3
d - Fulminant Prism       Conj/Hex       28%        3d14      4%          4
e - Iskenderun's Mystic   Conj/Tloc      56%        2d12      4%          4

Your spell library contained the following spells:

 Spells                   Type           Power      Damage    Failure   Level
 Conjure Flame            Conj/Fire      56%        6-21      1%          3
 Sticky Flame             Conj/Fire      56%        2d7       4%          4
 Sting                    Tmut/Pois      48%        1d5       5%          1
 Ensorcelled Hibernation  Hex/Ice        24%        N/A       8%          2
 Poisonous Vapours        Pois/Air       24%        N/A       8%          2
 Sublimation of Blood     Necr           12%        N/A       8%          2
 Wereblood                Tmut           12%        N/A       8%          2
 Ignite Poison            Fire/Tmut/Pois 12%        N/A       16%         3
 Spider Form              Tmut/Pois      12%        N/A       16%         3
 Anguish                  Hex/Necr       6%         N/A       45%         4
 Olgreb's Toxic Radiance  Pois           12%        N/A       45%         4
 Summon Hydra             Summ           6%         N/A       100%        7


Dungeon Overview and Level Annotations

Branches:
Dungeon (10/15)            Temple (1/1) D:4            Lair (1/6) D:8
    Orc (0/2) D:10          Sewer (visited)         Ossuary (visited)

Altars:
Ashenzari
Cheibriados
Dithmenos
Elyvilon
Fedhas
Gozag
Hepliaklqana
Kikubaaqudgha
Makhleb
Nemelex Xobeh
Okawaru
Qazlal
Ru
Sif Muna
Trog
Uskayaw
Vehumet
Wu Jian
Xom
Yredelemnul
Zin
The Shining One

Shops:
D:5 =   D:6 !

Annotations:
Lair:1 Sonja


Innate Abilities, Weirdness & Mutations

You have hoof-like feet.
You are completely covered in icy blue scales. (AC +4, rC+)
A weak demonic guardian rushes to your aid.
Your demonic aura sometimes causes spilled blood to erupt in flames.


Message History

* * * LOW HITPOINT WARNING * * *
The cane toad stings you!
* * * LOW HITPOINT WARNING * * *
A demonic guardian appears!
Okay, then.
You feel much better. The water moccasin bites you.
You are poisoned.
The water moccasin poisons you! The cane toad barely misses you.
The water moccasin completely misses you.
You feel better. The cane toad stings you.
Your ufetubus barely misses the cane toad. x2
The water moccasin closely misses you. The cane toad misses you.
Your ufetubus closely misses the cane toad.
Your ufetubus hits the cane toad but does no damage.
The water moccasin closely misses you.
The water moccasin attacks as you move away!
The water moccasin closely misses you.
Your ufetubus hits the cane toad but does no damage. x2
The water moccasin bites your ufetubus.
Your ufetubus is poisoned.
The water moccasin poisons your ufetubus!
Your ufetubus misses the water moccasin.
Your ufetubus barely misses the water moccasin.
The cane toad misses you.
Casting: Searing Ray (safe; 1% risk of failure)
Confirm with . or Enter, or press ? or * to list all spells.
Aiming: Fulminant Prism (dangerous; 4% risk of failure)
Press: ? - help, Dir - move target You feel a surge of power!
You conjure a prism of explosive energy!
A fulminant prism comes into view.
You feel yourself speed up.
Your ufetubus dies!
Your ufetubus disappears in a puff of smoke!
The water moccasin bites you. The cane toad stings you!
* * * LOW HITPOINT WARNING * * *
The water moccasin bites you but does no damage.
The cane toad stings you!
You die...
Your body rises from the dead as a mindless zombie.

.........# #...<....#
#........###
#.§.........
.........+..
.........##.
..(......#..### .
.(P(.......8..## ..#
..(......#.....## #...#
..........##...§##....#
.....+#### ###.F@....#
...##.. #*S.8...#
###...# #........# .#.
#.8...8.#.# . ........#
# ##...8....#
........## #...###...


You could see a cane toad (ally target), a water moccasin and a friendly
fulminant prism.

Vanquished Creatures
  A boulder beetle (D:9)
  A hydra (D:7)
  A two-headed ogre (D:10)
  2 cyclopes (D:7)
  Joseph (D:8)
  2 gargoyles (D:7)
  2 unseen horrors
  An unseen horror zombie (D:10)
  3 trolls (D:7)
  2 hornets
  2 shadows (D:10)
  A wyvern (D:9)
  21 yaks
  2 vampire mosquitoes (D:7)
  An acid dragon (D:7)
  3 water moccasins
  5 orc warriors
  A hornet zombie (D:7)
  A sky beast (D:7)
  2 black bears
  2 ice beasts
  5 ogres
  A wolf (D:8)
  A centaur (D:5)
  2 phantoms
  5 kobold brigands
  4 bullfrogs
  A gnoll sergeant (D:9)
  2 necrophages
  9 scorpions
  11 killer bees
  2 yak zombies
  A troll zombie (D:10)
  2 electric eels (D:8)
  4 howler monkeys
  A wolf zombie (D:8)
  4 centaur zombies (Ossuary)
  9 hounds
  2 jellies (D:6)
  2 human zombies (Ossuary)
  A gnoll shaman (D:5)
  9 orc priests
  2 iguanas
  3 orc wizards
  8 scorpion zombies (Ossuary)
  5 ogre zombies (D:10)
  A hound zombie (D:8)
  3 mummies (Ossuary)
  A howler monkey zombie (D:10)
  16 gnolls
  5 adders
  A shadow imp (D:7)
  5 white imps
  An ufetubus (D:4)
  2 worms (D:6)
  A dart slug (D:5)
  14 orcs
  5 endoplasms
  9 giant cockroaches
  2 gnoll zombies (Ossuary)
  8 goblins
  9 hobgoblins
  9 jackals
  3 quokkas
  22 ball pythons
  5 bats
  4 frilled lizards
  A goblin skeleton (D:10)
  3 goblin zombies
  A hobgoblin skeleton (D:10)
  3 hobgoblin zombies (D:10)
  25 kobolds
  A kobold zombie (Ossuary)
  4 orc skeletons (D:10)
  9 orc zombies
  12 rats
338 creatures vanquished.

Vanquished Creatures (collateral kills)
  2 trolls
  3 yaks (D:10)
  An orc warrior (D:7)
  A hornet zombie (D:8)
  A wolf (D:8)
  An electric eel (D:8)
  A human zombie (Ossuary)
  A hound (D:6)
  2 gnolls (D:9)
  2 orcs
  An orc skeleton (D:10)
  2 orc zombies (D:10)
18 creatures vanquished.

Vanquished Creatures (others)
  2 water moccasin zombies (D:9)
  3 yak zombies (D:10)
  A wolf zombie (D:8)
  A bullfrog zombie (D:7)
  3 hound zombies (D:8)
  5 orc zombies
  A spectral white imp (D:8)
  3 gnoll zombies (D:9)
  2 kobold zombies (D:8)
  89 fulminant prisms
  A fungus (Sewer)
  7 plants
118 creatures vanquished.

Grand Total: 474 creatures vanquished

Notes
Turn   | Place    | Note
-------+----------+-------------------------------------------
     0 | D:1      | FIQ the Demonspawn Conjurer began the quest for the Orb.
     0 | D:1      | Reached XP level 1. HP: 13/13 MP: 3/3
   272 | D:1      | Gained mutation: You have large cloven feet. [demonic
                  | ancestry]
   272 | D:1      | Reached XP level 2. HP: 19/19 MP: 1/5
   275 | D:1      | Learned a level 2 spell: Searing Ray
  1125 | D:1      | Gained mutation: You are partially covered in icy blue
                  | scales. (AC +2) [demonic ancestry]
  1125 | D:1      | Reached XP level 3. HP: 24/24 MP: 3/6
  1851 | D:2      | Found a faded altar of an unknown god.
  2699 | D:2      | Gained mutation: You are mostly covered in icy blue scales.
                  | (AC +3) [demonic ancestry]
  2699 | D:2      | Reached XP level 4. HP: 30/30 MP: 3/7
  2710 | D:2      | Identified the +1 helmet "Biufau" {*Corrode rPois Dex+3
                  | SInv}
  2915 | D:3      | Noticed a necrophage
  2931 | D:3      | Killed a necrophage
  3201 | D:3      | Gained mutation: A weak demonic guardian rushes to your
                  | aid. [demonic ancestry]
  3201 | D:3      | Reached XP level 5. HP: 35/35 MP: 2/9
  3854 | D:4      | Found an ancient bone altar of Kikubaaqudgha.
  4207 | D:4      | Found a sand-covered staircase.
  4214 | Ossuary  | Entered an ossuary
  4290 | Ossuary  | Reached skill level 5 in Conjurations
  4290 | Ossuary  | Reached XP level 6. HP: 41/41 MP: 0/11
  4899 | Ossuary  | Reached XP level 7. HP: 46/46 MP: 6/12
  5359 | Ossuary  | Reached skill level 6 in Conjurations
  5834 | Ossuary  | Reached XP level 8. HP: 46/52 MP: 0/15
  5993 | Ossuary  | Learned a level 3 spell: Dazzling Flash
  5998 | Ossuary  | Learned a level 4 spell: Fulminant Prism
  6003 | Ossuary  | Learned a level 4 spell: Iskenderun's Mystic Blast
  6287 | D:4      | Reached skill level 5 in Spellcasting
  6584 | D:4      | Reached skill level 5 in Dodging
  6764 | D:4      | Found a staircase to the Ecumenical Temple.
  6799 | D:4      | Found a radiant altar of Vehumet.
  7026 | D:5      | Entered Level 5 of the Dungeon
  7246 | D:5      | Reached skill level 7 in Conjurations
  7616 | D:5      | Found a broken altar of Ashenzari.
  7841 | D:5      | Found Zogiug's Jewellery Shoppe.
  8350 | D:6      | Reached XP level 9. HP: 57/57 MP: 1/18
  8365 | D:6      | Found a shimmering altar of Xom.
  8483 | D:6      | Found a glowing drain.
  8489 | Sewer    | Entered a sewer
  9027 | Sewer    | Reached skill level 8 in Conjurations
  9813 | D:6      | Found Wiogosuk's Distillery.
  9833 | D:6      | Bought a potion of ambrosia for 88 gold pieces
  9969 | D:6      | Identified a scroll of acquirement
  9969 | D:6      | Acquired a staff of conjuration
 10146 | D:7      | Noticed a troll
 10148 | D:7      | Noticed a gargoyle
 10149 | D:7      | Killed a troll
 10150 | D:7      | Reached skill level 9 in Conjurations
 10152 | D:7      | Killed a gargoyle
 10153 | D:7      | Gained mutation: You are completely covered in icy blue
                  | scales. (AC +4, rC+) [demonic ancestry]
 10153 | D:7      | Reached XP level 10. HP: 27/63 MP: 8/21
 10269 | D:7      | Noticed a cyclops
 10276 | D:7      | Noticed a seven-headed hydra
 10285 | D:7      | Killed a cyclops
 10286 | D:7      | Killed a seven-headed hydra
 10614 | D:7      | Noticed a cyclops
 10643 | D:7      | Killed a cyclops
 10644 | D:7      | Reached skill level 10 in Conjurations
 10885 | D:7      | Noticed a gargoyle
 10895 | D:7      | Killed a gargoyle
 11160 | Temple   | Entered the Ecumenical Temple
 11365 | Temple   | Became a worshipper of Yredelemnul the Dark
 11484 | D:7      | Paralysed by an orc warrior for 2 turns
 11489 | D:7      | Paralysed by an orc warrior for 3 turns
 11511 | D:7      | Reached skill level 1 in Invocations
 11650 | D:7      | Reached * piety under Yredelemnul
 11731 | D:7      | Paralysed by a hornet for 3 turns
 12120 | D:7      | Found the +8 demon trident "Rift" {distort, reach+}
 12325 | D:8      | Gained mutation: Your demonic aura sometimes causes spilled
                  | blood to erupt in flames. [demonic ancestry]
 12325 | D:8      | Reached XP level 11. HP: 64/68 MP: 15/24
 12634 | D:8      | Reached ** piety under Yredelemnul
 12639 | D:8      | HP: 2/68 [electric eel/bolt of electricity (14)]
 12687 | D:8      | Noticed Joseph
 12700 | D:8      | Killed Joseph
 13151 | D:8      | Found a staircase to the Lair.
 13625 | D:9      | Noticed a boulder beetle
 13648 | D:9      | Killed a boulder beetle
 13913 | D:9      | Found an ornate altar of the Wu Jian Council.
 14053 | D:10     | Entered Level 10 of the Dungeon
 14178 | D:10     | Found a staircase to the Orcish Mines.
 14186 | D:10     | Reached skill level 11 in Conjurations
 14186 | D:10     | Reached skill level 5 in Invocations
 14208 | D:10     | Noticed a two-headed ogre
 14213 | D:10     | HP: 2/68 [troll (5)]
 14237 | D:10     | Killed a two-headed ogre
 14635 | D:10     | Reached *** piety under Yredelemnul
 14638 | D:10     | Reached **** piety under Yredelemnul
 14677 | D:10     | Reached skill level 10 in Spellcasting
 14881 | D:10     | Reached skill level 10 in Dodging
 14897 | D:10     | Reached ***** piety under Yredelemnul
 14989 | D:10     | Gained mutation: You have hoof-like feet. [demonic
                  | ancestry]
 14989 | D:10     | Reached XP level 12. HP: 74/74 MP: 26/26
 15401 | Lair:1   | Entered Level 1 of the Lair of Beasts
 15401 | Lair:1   | Noticed Sonja
 15418 | Lair:1   | Slain by a cane toad

Illustrated notes

Levels and vault maps discovered:
D:1:      sevenhm_arrival_forest_fort_small_3, layout_basic
D:2:      layout_basic, nicolae_ecumenical_oubliette, serial_bayou_pond_d,
          nicolae_underground_beach
D:3:      layout_basic
D:4:      layout_basic, old_standard_altar, mainiacjoe_overflow_small_starburst,
          minmay_temple_entry_trees, chequers_ossuary_entry_cave
D:5:      layout_loops_ring, mainiacjoe_overflow_concentric_impassable,
          serial_shops, nicolae_shop_trees, minmay_stone_trees_small,
          chequers_serial_rivers_micro_b
D:6:      layout_loops_ring, nicolae_overflow_squiral, serial_shops, shop,
          lightli_sewer_entry_pipes
D:7:      minmay_the_grid_octo_triangle [minmay_the_grid_octo_focus,
          minmay_the_grid_octo_prize_big_c, minmay_the_grid_octo_horde],
          layout_basic
D:8:      layout_cave_pools, erik_lair_island, uniq_joseph
D:9:      layout_roguey, pdpol_wu_jian_five_deadly_venoms
D:10:     layout_loops_ring, zombieorc1_lemuel
Temple:   eino_temple_scatter_basement
Lair:1:   layout_roguey, grunt_megastairs_4, lemuel_fruit_tree, uniq_sonja

Skill      XL: |  1  2  3  4  5  6  7  8  9 10 11 |
---------------+----------------------------------+-----
Stealth        | 2 3 4 |  4.0
Dodging        | 2 3 4 6 7 9 10 | 10.1
Spellcasting   | 3 4 6 7 9 10 | 10.1
Conjurations   | 5 6 7 9 10 11 | 11.5
Invocations    | 2 7 |  7.0

Action                   |  1- 3 |  4- 6 |  7- 9 | 10-12 || total
-------------------------+-------+-------+-------+-------++-------
Melee: Unarmed           |    10 |    64 |    55 |       ||   129
       Kick              |     2 |    17 |    27 |    16 ||    62
       Punch             |       |     1 |       |       ||     1
       Whip              |       |       |     5 |       ||     5
       Staff             |       |       |     4 |    37 ||    41
 Cast: Magic Dart        |    14 |     1 |     5 |     1 ||    21
       Searing Ray       |    38 |    40 |   107 |    75 ||   260
       Fulminant Prism   |       |       |    23 |    67 ||    90
       Iskenderun's Myst |       |       |     1 |     1 ||     2
       Dazzling Flash    |       |       |       |     4 ||     4
Invok: Recall Undead Har |       |       |       |     1 ||     1
  Use: Scroll            |       |     6 |    13 |     4 ||    23
       Potion            |       |     1 |     4 |     6 ||    11
Armor: Robe              |     8 |    39 |    68 |    62 ||   177
Dodge: Dodged            |    25 |    61 |   148 |   202 ||   436

Table legend: (Time is in decaauts)
 A = Elapsed time spent in this place.
 B = Non-inter-level travel time spent in this place.
 C = Inter-level travel time spent in this place.
 D = Time resting spent in this place.
 E = Time spent auto-exploring this place.
 F = Levels seen in this place.
 G = Mean time per level.
                   A        B        C        D        E       F      G
               +--------+--------+--------+--------+--------+-----+--------+
         Total |  15502 |  14923 |    579 |      0 |  12398 |  14 | 1107.3 |
       Dungeon |  12815 |  12271 |    544 |      0 |  10297 |  10 | 1281.5 |
        Temple |    218 |    183 |     35 |      0 |    168 |   1 |  218.0 |
          Lair |     22 |     22 |      0 |      0 |      0 |   1 |   22.0 |
         Sewer |    614 |    614 |      0 |      0 |    499 |   1 |  614.0 |
       Ossuary |   1831 |   1831 |      0 |      0 |   1433 |   1 | 1831.0 |
               +--------+--------+--------+--------+--------+-----+--------+

Top non-repeatable levels by time:
     D:7: 2059 daAuts
     D:1: 1944 daAuts
 Ossuary: 1831 daAuts
     D:4: 1445 daAuts
     D:6: 1383 daAuts
    D:10: 1326 daAuts
     D:5: 1295 daAuts
     D:3: 980 daAuts
     D:2: 876 daAuts
     D:8: 837 daAuts
     D:9: 667 daAuts
   Sewer: 614 daAuts
  Temple: 218 daAuts
  Lair:1: 22 daAuts
